 Dungeon Crawl Stone Soup version 0.19-a0-27-g415f530 (webtiles) character file.

63 Mefis the Magician (level 3, -3/19 HPs)
             Began as a Deep Elf Wizard on May 1, 2016.
             Slain by a hobgoblin (5 damage)
             ... led by Robin
             ... on level 2 of the Dungeon.
             The game lasted 00:06:47 (2034 turns).

Mefis the Magician (Deep Elf Wizard)                Turns: 2034, Time: 00:06:53

Health: -3/19      AC:  3    Str:  4    XL:     3   Next: 87%
Magic:  2/12       EV: 13    Int: 23    God:
Gold:   80         SH:  0    Dex: 13    Spells: 5 memorised, 3 levels left

rFire  . . .     SeeInvis +     (no weapon)
rCold  . . .     Gourm    .     a - +0 robe
rNeg   . . .     Faith    .     (no shield)
rPois  .         Spirit   .     b - +0 hat
rElec  .         Dismiss  .     n - +0 cloak
rCorr  .         Reflect  .     (no gloves)
SustAt .         Harm     .     (no boots)
MR     .....                    (no amulet)
Stlth  ++........               (no ring)
                                f - ring of see invisible

@: not resistant to hostile enchantments, unstealthy
A: no striking features
a: no special abilities


You were on level 2 of the Dungeon.
You were not hungry.

You visited 1 branch of the dungeon, and saw 2 of its levels.

You collected 80 gold pieces.

Inventory:

Missiles
 l - 4 needles of frenzy
Armour
 a - a +0 robe (worn)
 b - a +0 hat (worn)
 n - a +0 cloak (worn)
Jewellery
 f - a ring of see invisible (left hand)
Scrolls
 e - 2 scrolls of immolation {unknown}
 i - a scroll of blinking {unknown}
 k - a scroll of magic mapping {unknown}
 q - a scroll of fog {unknown}
Potions
 g - 2 potions of brilliance {unknown}
 h - a potion of might {unknown}
 j - a potion of curing {unknown}
 o - a potion of invisibility {unknown}
Books
 c - a book of Minor Magic

   Spells                             Type                      Level
   a - Magic Dart                     Conjuration                  1
   b - Blink                          Translocation                2
   c - Call Imp                       Summoning                    2
   d - Repel Missiles                 Charms/Air                   2
   e - Slow                           Hexes                        2
   f - Conjure Flame                  Conjuration/Fire             3
   g - Mephitic Cloud                 Conjuration/Poison/Air       3
Comestibles
 d - a bread ration
 m - 2 slices of pizza


   Skills:
 + Level 2.8 Dodging
 + Level 2.5 Stealth
 + Level 5.8 Spellcasting
 + Level 2.1 Conjurations
 + Level 1.1 Summonings
 + Level 1.1 Translocations
 + Level 0.2 Air Magic


You had 3 spell levels left.
You knew the following spells:

 Your Spells              Type           Power        Failure   Level  Hunger
a - Magic Dart            Conj           ###.         3%          1    None
b - Call Imp              Summ           ##......     10%         2    None
c - Blink                 Tloc           N/A          10%         2    None
d - Repel Missiles        Chrm/Air       #.....       14%         2    None
e - Mephitic Cloud        Conj/Pois/Air  ##......     21%         3    #......


Dungeon Overview and Level Annotations

Branches:
Dungeon (2/15)

Altars:
Ashenzari

Annotations:
D:1 potion
D:2 Robin


Message History

* * * LOW HITPOINT WARNING * * *
The giant newt bites you.
* * * LOW HITPOINT WARNING * * *
Casting: Magic Dart
Confirm with . or Enter, or press ? or * to list all spells.
You blink.
Robin is no longer moving quickly.
Robin throws the goblin at you!
* * * LOW HITPOINT WARNING * * *
Read which item? (? for menu, Esc to quit)
Okay, then.
The goblin barely misses you. The hobgoblin closely misses you.
The hobgoblin misses you. The goblin hits you with a dagger.
* * * LOW HITPOINT WARNING * * *
The goblin no longer looks unusually strong.
The hobgoblin no longer looks unusually strong. x2
Robin laughs in a distinctly smug fashion.
Robin roars a battlecry!
The goblins go into a battle-frenzy!
The hobgoblin hits you.
You die...

##....# ##....###
###### ###.......#
#.# ... #.....l...#
#.# #.##.........#
#### #.#
#.####..g#### ....
#.######.###..l#
####
###......##.g..gg#
.............#..@##
.#######..........#
##♣♣ .#
#######....# #♣≈P≈
.# ##...# #♣P≈≈P ##
###.# ♣≈≈≈(P #.#
#≈≈≈≈≈ #.# #.≈≈♣≈
#.##########.....
#.†..............


You could see Robin, 2 hobgoblins, a goblin and 2 giant newts.

Vanquished Creatures
  An adder (D:2)
  A worm (D:2)
  2 dart slugs (D:1)
  2 giant geckos
  5 bats (D:1)
  A giant cockroach (D:1)
  6 goblins (D:2)
  7 hobgoblins (D:1)
  5 kobolds
  4 rats (D:1)
34 creatures vanquished.

Vanquished Creatures (collateral kills)
  2 worms (D:2)
  A giant cockroach (D:2)
  A goblin (D:2)
  A kobold (D:2)
  2 rats (D:2)
7 creatures vanquished.

Grand Total: 41 creatures vanquished

Notes
Turn   | Place    | Note
--------------------------------------------------------------
     0 | D:1      | Mefis the Deep Elf Wizard began the quest for the Orb.
     0 | D:1      | Reached XP level 1. HP: 10/10 MP: 7/7
   387 | D:1      | Reached XP level 2. HP: 15/15 MP: 4/9
   391 | D:1      | Learned a level 2 spell: Call Imp
   394 | D:1      | Learned a level 2 spell: Blink
   397 | D:1      | Learned a level 2 spell: Repel Missiles
   541 | D:1      | Reached skill level 5 in Spellcasting
  1124 | D:1      | Reached XP level 3. HP: 19/19 MP: 7/11
  1129 | D:1      | Learned a level 3 spell: Mephitic Cloud
  1987 | D:2      | Noticed Robin
  2025 | D:2      | Found a shattered altar of Ashenzari.
  2034 | D:2      | Slain by a hobgoblin

Vault maps used:
D:1:      dpeg_arrival_radiant, kennysheep_another_room, minmay_statues_item,
          eino_curves_04
D:2:      gammafunk_pakellas_spire_experiment, grunt_decor_one_mirror,
          serial_bayou_ford_a, ashenzari_altar_1, uniq_robin

Skill      XL: |  1  2  3 |
---------------+----------+-----
Spellcasting   | 5 |  5.8
Conjurations   | 2 |  2.1
Dodging        | |  2.8
Stealth        | |  2.5
Summonings     | |  1.1
Translocations | |  1.1
Air Magic      | |  0.2

Action                   || total
-------------------------++-------
Melee: Unarmed           ||     1
 Cast: Magic Dart        ||   109
       Repel Missiles    ||     1
       Call Imp          ||     6
       Mephitic Cloud    ||     1
       Blink             ||     1
  Eat: Chunk             ||     3
Armor: Robe              ||    10
Dodge: Dodged            ||    25
       Deflected         ||     3
